AoeStats
← VB

Hideout

509308178Analyzed
1v1 RM · 5d ago on Sep 26, 2026· 82m 28s· 2 players
Game mode
Random Map
Map size
Tiny (2 player)
Population
200
Speed
Normal
Resources
Standard
Victory
Conquest
Starting age
Dark Age
Ending age
Imperial Age
RankedLock teamsTeams togetherTeam positionsShared explorationLock speedFull tech treeHidden civsTurbo modeCheats
Victory
Defeat
🇷🇴 Huns · Romania
525
+12
🇵🇹 Britons · Portugal
429
-12
VB
10:10 Loom
12:41 Feudal Age
14:03 Wheelbarrow
22:21 Castle Age
20:56 Horse Collar
20:44 Man-at-Arms
21:10 Arson
21:20 Fletching
22:03 Forging
23:52 Husbandry
23:42 Gambesons
24:34 Scale Barding Armor
24:53 Long Swordsman
28:24 Pikeman
29:05 Squires
29:44 Scale Mail Armor
29:45 Padded Archer Armor
36:05 Heated Shot
36:28 Masonry
44:22 Fortified Wall
44:03 Guard Tower
45:40 Hand Cart
48:25 Ballistics
48:23 Gold Mining
48:24 Stone Mining
52:40 Imperial Age
51:15 Iron Casting
53:12 Cavalier
55:18 Heavy Mounted Crossbowman
56:24 Bodkin Arrow
67:48 Elite Skirmisher
68:20 Cranequins
69:12 Heavy Plow
71:17 Blast Furnace
70:33 Leather Archer Armor
70:34 Chain Mail Armor
70:19 Bracer
79:00 Two-Handed Swordsman
DIZO
9:46 Feudal Age
8:03 Loom
12:33 Horse Collar
12:40 Double-Bit Axe
13:50 Gold Mining
22:02 Castle Age
24:23 Heavy Plow
24:57 Bow Saw
26:30 Wheelbarrow
27:48 Hand Cart
28:27 Forging
32:01 Stone Mining
32:47 Gold Shaft Mining
32:47 Marauders
40:20 Husbandry
40:56 Scale Barding Armor
40:42 Fletching
43:12 Chain Barding Armor
43:28 Iron Casting
42:48 Bodkin Arrow
46:06 Imperial Age
47:13 Conscription
46:15 Elite Tarkan
47:54 Parthian Tactics
48:54 Bracer
49:54 Blast Furnace
49:30 Plate Barding Armor
50:25 Cavalier
50:51 Heavy Cavalry Archer
53:48 Squires
53:08 Pikeman
59:06 Paladin
61:05 Elite Skirmisher
61:57 Halberdier
68:55 Atheism
80:29 Light Cavalry
81:19 Bloodlines
Connection lost

Rejoining the realm…

Still unreachable

The connection could not be restored.

Session expired

The server has moved on; the page needs a fresh start.